 Dungeon Crawl Stone Soup version 0.27-a0-1438-g9b7c6745da (webtiles) character file.

Game seed: 12263661665798552240

30 Gargoyl the Skirmisher (level 3, -5/35 HPs)
             Began as a Gnoll Abyssal Knight on July 4, 2021.
             Was a Follower of Lugonu.
             Slain by Sigmund (8 damage)
             ... on level 2 of the Dungeon.
             The game lasted 00:01:52 (1454 turns).

Gargoyl the Skirmisher (Gnoll Abyssal Knight)       Turns: 1454, Time: 00:01:52

Health: -5/35      AC:  8    Str: 12    XL:     3   Next: 20%
Magic:  6/6        EV:  9    Int: 11    God:    Lugonu [*.....]
Gold:   65         SH:  0    Dex: 11    Spells: 3/3 levels left

rFire    . . .     SeeInvis .   c - +0 war axe (vamp)
rCold    . . .     Faith    .   (no shield)
rNeg     . . .     Spirit   .   e - +0 scale mail
rPois    .         Reflect  .   (no helmet)
rElec    .         Harm     .   (no cloak)
rCorr    .         Rampage  .   (no gloves)
Will     .....                  d - +0 pair of boots
Stlth    ..........             (no amulet)
HPRegen  0.11/turn              (no ring)
MPRegen  0.10/turn              (no ring)

@: mighty, attractive
A: fangs 1, strong nose, distributed training
a: Renounce Religion, Depart the Abyss


You were on level 2 of the Dungeon.
You worshipped Lugonu.
Lugonu was aware of your devotion.
You visited 1 branch of the dungeon, and saw 3 of its levels.
You visited the Abyss 1 time.

You collected 65 gold pieces.

Inventory:

Hand Weapons
 a - a +1 hand axe
 c - a +0 vampiric war axe (weapon)
Armour
 d - a +0 pair of boots (worn)
 e - a +0 scale mail (worn)
Scrolls
 h - 3 scrolls of summoning {unknown}
 i - a scroll of fog {unknown}
Potions
 b - a potion of haste
 f - a potion of attraction
 g - a potion of might
 j - a potion of lignification {unknown}
 k - a potion of resistance {unknown}
 l - a potion of ambrosia {unknown}
 m - a potion of curing


   Skills:
 + Level 6.5 Fighting
 + Level 0.6 Short Blades
 + Level 0.6 Long Blades
 + Level 4.5 Axes
 + Level 0.6 Maces & Flails
 + Level 0.6 Polearms
 + Level 0.6 Staves
 + Level 0.6 Slings
 + Level 0.6 Bows
 + Level 0.6 Crossbows
 + Level 0.6 Throwing
 + Level 4.5 Armour
 + Level 2.5 Dodging
 + Level 0.6 Stealth
 + Level 0.6 Shields
 + Level 0.6 Unarmed Combat
 + Level 0.6 Spellcasting
 + Level 0.4 Conjurations
 + Level 0.4 Hexes
 + Level 0.4 Summonings
 + Level 0.4 Necromancy
 + Level 0.4 Translocations
 + Level 0.4 Transmutations
 + Level 0.4 Fire Magic
 + Level 0.4 Ice Magic
 + Level 0.4 Air Magic
 + Level 0.4 Earth Magic
 + Level 0.4 Poison Magic
 + Level 4.5 Invocations
 + Level 0.6 Evocations


You had 3 spell levels left.
You didn't know any spells.
Your spell library contained the following spells:

 Spells                   Type           Power      Damage    Failure   Level
 Animate Skeleton         Necr           2%         N/A       78%         1
 Pain                     Necr           4%         1d4       78%         1
 Vampiric Draining        Necr           0%         2d6       98%         3


Dungeon Overview and Level Annotations

Branches:
Dungeon (3/15)

Altars:
Ashenzari

Annotations:
D:2 Sigmund


Innate Abilities, Weirdness & Mutations

You have very sharp teeth.
Your uncanny sense of smell can sniff out nearby items.
Your experience applies equally to all skills.


Message History

The quokka bites you but does no damage.
You slash the quokka!
You kill the quokka!
Lugonu accepts your kill.
Found 11 bolts.
m - 2 brown potions You open the door.
There is an open door here.
Sigmund the Dreaded comes into view.
He is wielding a +0 scythe.
Sigmund casts a spell.
Sigmund flickers and vanishes!
Deactivating autopickup; reactivate with Ctrl-A.
A magic dart appears from out of thin air!
The magic dart hits you but does no damage.
Something hits you! Something hits you but does no damage.
Something hits you but does no damage.
You hit something but do no damage. Something hits you!
You hit something.
You feel better.
You hear some strange, mumbled words.
A puff of flame appears from out of thin air!
The puff of flame misses you.
You barely miss something. Something hits you.
You slash something!
You feel better.
You bite something. Something hits you! Something hits you.
* * * LOW HITPOINT WARNING * * *
It was a potion of attraction.
You feel attractive to monsters. Something hits you!
* * * LOW HITPOINT WARNING * * *
It was a potion of curing.
You feel better. Something hits you!
* * * LOW HITPOINT WARNING * * *
It was a potion of might.
You feel very mighty all of a sudden. Something hits you but does no damage.
You miss something.
You hear some strange, mumbled words.
Something tries to affect you, but you resist.
You closely miss something. You bite something. Something hits you!
You die...

##.####.# ........#
... ##.###### #.# ∆
##.# #.. #.#
...###.# #.#
#####..### #.#
#....#### #.#
.(..#..∆ #.#######
# #..#.. #@{......
# #..#.# #..######
# #..#.# #..# #
#.#..######..#
######.#..........#
.......#.......#..#
######.####.####..#
#.# #..#.8#..# #..
#..'..#..#


There were no monsters in sight!

Vanquished Creatures
  A dart slug (D:2)
  An endoplasm (D:2)
  2 giant cockroaches (D:2)
  A goblin (D:1)
  5 jackals
  3 quokkas
  4 ball pythons
  4 bats
  2 frilled lizards
  A kobold (D:1)
  3 rats
27 creatures vanquished.

Notes
Turn   | Place    | Note
-------+----------+-------------------------------------------
     0 | Abyss:1  | Gargoyl the Gnoll Abyssal Knight began the quest for the
                  | Orb.
     0 | Abyss:1  | Reached XP level 1. HP: 23/23 MP: 3/3
   129 | Abyss:1  | Noticed a starcursed mass
   130 | D:1      | Escaped the Abyss
   429 | D:1      | Reached * piety under Lugonu
   521 | D:1      | Reached XP level 2. HP: 27/29 MP: 5/5
  1086 | D:2      | Identified a scroll of acquirement
  1086 | D:2      | Acquired a +0 vampiric war axe
  1191 | D:2      | Reached XP level 3. HP: 35/35 MP: 6/6
  1277 | D:2      | You fall into a shaft and drop 1 floor!
  1303 | D:2      | Found a broken altar of Ashenzari.
  1441 | D:2      | Noticed Sigmund
  1454 | D:2      | Slain by Sigmund

Illustrated notes

Levels and vault maps discovered:
D:1:      dpeg_arrival_line_fractal, layout_loops_ring, hex_medium,
          minmay_pentomino_r4
D:2:      layout_loops_ring, basic_altar, shapermc_ecumenical_altar_mp_vishouse,
          uniq_crazy_yiuf_cottage, uniq_sigmund, uniq_robin
D:3:      minmay_chambers_of_threes, layout_basic, zin_statuary, bloody_makhleb,
          serial_shops, nicolae_shop_crystal

Action                   || total
-------------------------++-------
Melee: Hand axe          ||    68
       Bite              ||     8
       War axe           ||    24
Invok: Depart the Abyss  ||     1
  Use: Potion            ||     4
       Scroll            ||     5
Armor: Scale mail        ||    57
Dodge: Dodged            ||    53

Table legend: (Time is in decaauts)
 A = Elapsed time spent in this place.
 B = Non-inter-level travel time spent in this place.
 C = Inter-level travel time spent in this place.
 D = Time resting spent in this place.
 E = Time spent auto-exploring this place.
 F = Levels seen in this place.
 G = Mean time per level.
                   A        B        C        D        E       F      G
               +--------+--------+--------+--------+--------+-----+--------+
         Total |   1464 |   1455 |      9 |      0 |   1179 |   4 |  366.0 |
       Dungeon |   1334 |   1325 |      9 |      0 |   1064 |   3 |  444.7 |
         Abyss |    130 |    130 |      0 |      0 |    115 |   1 |  130.0 |
               +--------+--------+--------+--------+--------+-----+--------+

Top non-repeatable levels by time:
     D:1: 798 daAuts
     D:2: 531 daAuts
 Abyss:1: 130 daAuts
     D:3: 4 daAuts
